 Dungeon Crawl Stone Soup version 0.31-a0-995-g04711c9635 (webtiles) character file.

Game seed: 17065571842449360196

410110 BinkBink the Tengu Blade (level 23, -11/108 HPs)
             Began as a Tengu Monk on Nov 6, 2023.
             Was the Champion of Qazlal.
             Killed by a resonance strike
             ... invoked by Zenata
              (23 damage)
             ... on level 3 of the Vaults.
             The game lasted 01:58:43 (57982 turns).

BinkBink the Tengu Blade (Tengu Monk)              Turns: 57982, Time: 01:58:46

Health: -11/108    AC: 24    Str: 12    XL:     23   Next: 49%
Magic:  0/17       EV: 40    Int: 10    God:    Qazlal [******]
Gold:   1166       SH: 29    Dex: 23    Spells: 22/22 levels left

rFire   . . .        a - +5 double sword (flame)
rCold   x x .        y - +5 Storm Queen's Shield {shock, Fly rElec}
rNeg    + . .        L - +0 pearl dragon scales of the Vanishing Portals {rN+ Slay+3}
rPois   .            (helmet restricted)
rElec   +            u - +0 cloak {rCorr}
rCorr   +            F - +2 pair of gloves {Str+3}
SInv    +            (boots unavailable)
Will    +....        O - amulet of guardian spirit Stlth
                     B - +4 ring of protection
HPRegen 0.00/turn    h - ring of see invisible
MPRegen 0.15/turn

%: random rage (9%), repel missiles, acrobat, guardian spirit
@: lethally poisoned (-11 -> -17), acrobatic, sick, flying, studying
Transmutations, invisible (expiring)
A: beak, talons 3, evasive flight, acrobatic, dopey 1, frail 3, weak 1, cold
vulnerability 2, inability to read after injury 2, berserk 1[+1], [clumsy 2],
[deformed body], [deterioration 2], low MP 1[+2], [screaming 2], [no potion heal
2], [subdued magic 2]
}: 2/15 runes: decaying, serpentine
a: Renounce Religion, Upheaval, Elemental Force, Disaster Area


You were on level 3 of the Vaults.
You worshipped Qazlal.
Qazlal was exalted by your worship.
You visited 9 branches of the dungeon, and saw 42 of its levels.
You visited the Abyss 2 times.
You also visited: Gauntlet.

You collected 3806 gold pieces.
You spent 2640 gold pieces at shops.

Inventory:

Hand Weapons
 a - a +5 double sword of flaming (weapon)
 l - the +5 scimitar of Temperance {drain, *Rage rElec rF+ Str+7}
   (You found it on level 1 of the Elven Halls)

   Str+7:     It affects your strength (+7).
   rF+:       It protects you from fire.
   rElec:     It insulates you from electricity.
   *Rage:     It berserks you when you make melee attacks (+20% chance).
 D - a +2 hand cannon of draining
Missiles
 x - a throwing net
Armour
 r - the +10 plate armour of the Last Stars {+Inv}
   (You bought it in a shop on level 2 of the Orcish Mines)

   +Inv:      It lets you turn invisible.
 u - a +0 cloak of preservation (worn)
 y - the +5 Storm Queen's Shield (worn) {shock, Fly rElec}
   (You bought it in a shop on level 2 of the Snake Pit)

   Shock:     When it blocks an attack, it may electrocute the attacker.
   This works even against foes who are a short distance away.
   rElec:     It insulates you from electricity.
   Fly:       It grants you flight.
 F - a +2 pair of gloves of strength (worn)
 L - the +0 pearl dragon scales of the Vanishing Portals (worn) {rN+ Slay+3}
   (You found it on level 4 of the Swamp)

   Slay+3:    It affects your accuracy & damage with ranged weapons and melee
   (+3).
   rN+:       It protects you from negative energy.
Jewellery
 h - a ring of see invisible (right hand)
 t - the ring "Cibaushu" {+Blink Will+ Str+7 Int-2 Slay+2}
   (You took it off a deep elf demonologist on level 3 of the Elven Halls)

   [ring of willpower]

   Str+7:     It affects your strength (+7).
   Int-2:     It affects your intelligence (-2).
   Slay+2:    It affects your accuracy & damage with ranged weapons and melee
   (+2).
   Will+:     It increases your willpower.
   +Blink:    It lets you blink.
 v - the ring "Yttuot" {Fly rElec rN+}
   (You found it on level 3 of the Elven Halls)

   [ring of flight]

   rElec:     It insulates you from electricity.
   rN+:       It protects you from negative energy.
   Fly:       It grants you flight.
 B - a +4 ring of protection (left hand)
 E - a +5 ring of evasion
 N - a +4 ring of slaying
 O - an amulet of guardian spirit (around neck)
 P - a +6 ring of dexterity
Wands
 e - a wand of iceblast (51) (quivered)
 s - a wand of digging (13)
 w - a wand of charming (42)
 I - a wand of mindburst (6)
 R - a wand of quicksilver (16)
 W - a wand of polymorph (13)
 X - a wand of flame (23)
Scrolls
 d - 2 scrolls of butterflies
 f - 6 scrolls of revelation
 n - 13 scrolls of teleportation
 p - 4 scrolls of poison
 q - 7 scrolls of fear
 A - 3 scrolls of brand weapon
 C - 10 scrolls of amnesia
 M - 6 scrolls of immolation
 Q - 18 scrolls of identify
 U - 6 scrolls of fog
Potions
 b - 7 potions of curing
 c - 2 potions of ambrosia
 g - 7 potions of lignification
 i - 4 potions of cancellation
 j - 6 potions of heal wounds
 k - 2 potions of enlightenment
 m - 4 potions of haste
 o - 4 potions of resistance
 z - 5 potions of mutation
 H - a potion of invisibility
 K - 2 potions of berserk rage
 S - 3 potions of brilliance
 V - 5 potions of might


   Skills:
 + Level 19.4 Fighting
 + Level 21.1 Long Blades
 + Level 20.7 Armour
 + Level 21.0 Dodging
 + Level 17.6 Shields


You had 22 spell levels left.
You didn't know any spells.
Your spell library contained the following spells:

 Spells                   Type           Power      Damage    Failure   Level
 Sting                    Tmut/Pois      0%         1d3       85%         1
 Blink                    Tloc           0%         N/A       94%         2
 Call Imp                 Summ           0%         N/A       94%         2
 Ensorcelled Hibernation  Hex/Ice        0%         N/A       94%         2
 Jinxbite                 Hex            0%         N/A       94%         2
 Lesser Beckoning         Tloc           0%         N/A       94%         2
 Momentum Strike          Conj/Tloc      0%         3d8       94%         2
 Passwall                 Tmut/Erth      0%         N/A       94%         2
 Poisonous Vapours        Pois/Air       0%         N/A       94%         2
 Sublimation of Blood     Necr           0%         N/A       94%         2
 Wereblood                Tmut           0%         N/A       94%         2
 Call Canine Familiar     Summ           0%         N/A       99%         3
 Hailstorm                Conj/Ice       0%         3d3       99%         3
 Inner Flame              Hex/Fire       0%         N/A       99%         3
 Mephitic Cloud           Conj/Pois/Air  0%         N/A       99%         3
 Ozocubu's Armour         Ice            0%         N/A       99%         3
 Sigil of Binding         Hex            0%         N/A       99%         3
 Swiftness                Air            0%         N/A       99%         3
 Tukima's Dance           Hex            0%         N/A       99%         3
 Volatile Blastmotes      Fire/Tloc      0%         2d10      99%         3
 Anguish                  Hex/Necr       0%         N/A       100%        4
 Animate Dead             Necr           0%         N/A       100%        4
 Dimensional Bullseye     Hex/Tloc       0%         N/A       100%        4
 Fulminant Prism          Conj/Hex       0%         3d5       100%        4
 Iskenderun's Mystic Bla  Conj/Tloc      0%         2d3       100%        4
 Leda's Liquefaction      Hex/Erth       0%         N/A       100%        4
 Manifold Assault         Tloc           0%         N/A       100%        4
 Olgreb's Toxic Radiance  Pois           0%         N/A       100%        4
 Petrify                  Tmut/Erth      0%         N/A       100%        4
 Summon Ice Beast         Ice/Summ       0%         N/A       100%        4
 Borgnjor's Vile Clutch   Necr/Erth      0%         N/A       100%        5
 Irradiate                Conj/Tmut      0%         3d11      100%        5
 Summon Forest            Summ/Tloc      0%         N/A       100%        5
 Summon Mana Viper        Hex/Summ       0%         N/A       100%        5
 Yara's Violent Unravell  Hex/Tmut       0%         3d3       100%        5
 Death Channel            Necr           0%         N/A       100%        6
 Eringya's Noxious Bog    Tmut/Pois      0%         4d6       100%        6
 Simulacrum               Ice/Necr       0%         N/A       100%        6
 Enfeeble                 Hex            0%         N/A       100%        7
 Malign Gateway           Summ/Tloc      0%         N/A       100%        7
 Ozocubu's Refrigeration  Ice            0%         4d7       100%        7
 Spellforged Servitor     Conj/Summ      0%         N/A       100%        7
 Summon Hydra             Summ           0%         N/A       100%        7
 Ignition                 Fire           0%         3d3       100%        8
 Summon Horrible Things   Summ           0%         N/A       100%        8
 Fire Storm               Conj/Fire      0%         5d1       100%        9


Dungeon Overview and Level Annotations

Branches:
Dungeon (15/15)            Temple (1/1) D:5            Lair (5/5) D:9
  Swamp (4/4) Lair:3        Snake (4/4) Lair:2        Slime (5/5) Lair:4
    Orc (2/2) D:9             Elf (3/3) Orc:2        Vaults (3/5) D:14
  Crypt (0/3) Vaults:2     Depths (0/4) D:15        Gauntlet (visited)

Altars:
Ashenzari
Cheibriados
Dithmenos
Elyvilon
Fedhas
Gozag
Hepliaklqana
Kikubaaqudgha
Makhleb
Nemelex Xobeh
Okawaru
Qazlal
Ru
Sif Muna
Trog
Uskayaw
Vehumet
Wu Jian
Xom
Yredelemnul
Zin
The Shining One
Jiyva

Shops:
D:15 :   Orc:1 *   Orc:2 :[[*?(   Elf:3 *=   Snake:1 :*   Snake:2 [![(
Snake:4 :   Vaults:1 *   Vaults:2 !

Portals:
Trove: D:12 (give +6 demon whip)

Annotations:
Slime:5 Royal Jelly
Elf:2 1 runed translucent door
Vaults:3 36 runed doors, Zenata


Innate Abilities, Weirdness & Mutations

You have a beak for a mouth.
You have claws for feet.
Your magical flight helps you evade attacks. (EV +4)
You can magically evade attacks while moving or waiting.
You are dopey. (Int -2)
You are extremely frail. (-30% HP)
You are weak. (Str -2)
You are very vulnerable to cold. (rC--)
You sometimes lose the ability to read scrolls when taking damage.
[You have an uncontrollable temper.]
[You are very clumsy. (Dex -4)]
[Armour fits poorly on your strangely shaped body.]
[Your body often deteriorates upon taking damage.]
[Your magical capacity is extremely low. (-30% MP)]
[You frequently scream uncontrollably at your foes.]
[Potions cannot restore your health.]
[Your spells are easier to cast, but less powerful.]


Message History

The thrashing horror is engulfed in freezing vapours.
You hear a trumpeting!
You block the thrashing horror's attack. x2
There is an open door here.
You hear a trumpeting!
You block the thrashing horror's attack.
The thrashing horror completely misses you.
You block the thrashing horror's attack. x2
The thrashing horror completely misses you.
You block the thrashing horror's attack.
Zenata sends weapons flying into battle!
The thrashing horror is engulfed in blazing flames.
You block the thrashing horror's attack.
Your shield discharges, shocking the thrashing horror!
The thrashing horror resists.
You block the thrashing horror's attack.
Your shield discharges, shocking the thrashing horror!
The thrashing horror resists.
The thrashing horror is engulfed in blazing flames.
The +3 flail of venom is engulfed in blazing flames.
You block the thrashing horror's attack.
The thrashing horror tramples you but does no damage.
The thrashing horror is engulfed in blazing flames.
The thrashing horror is engulfed in blazing flames.
You block the thrashing horror's attack.
Your shield discharges, shocking the thrashing horror!
The thrashing horror resists.
You block the thrashing horror's attack.
You block the thrashing horror's attack.
The thrashing horror completely misses you.
The +3 flail of venom closely misses you.
You recover from your berserk rage.
You flicker for a moment.
The thrashing horror roars!
The +3 flail of venom hits you but does no damage.
You are poisoned.
Zenata polishes a blade.
Zenata points at you and mumbles some strange words.
A blast of power from the earth and the +3 flail of venom strikes you!
You die...
Zenata says, "Just more dross for the fire."

..#.#...#
#####+##'####....
..#'#..## #......# ..
.......# #:....X#
#.....## #.○.a..#
#..[..# #°.....#
##...## #.○....# #...#
#..○...# ###.#####
#(.....#
..#.#...########@○....#
..#'#..##......#.○.X..#
.......##......#[.☼...#
#.....###......#......#
#.....# #......÷).....#
##...## #......#......#
#...# #......########
#...######''#####
#####...........#


You could see Zenata (unable to see you), a thrashing horror (wandering, unable
to see you), a large abomination (unable to see you) and a +3 flail of venom
(summoned, fast, unable to see you).

Vanquished Creatures
  Mara (Swamp:4)
  Vashnia (Snake:3)
  Nikola (Snake:3)
  Mlioglotl (Snake:1)
  2 titans (Vaults:1)
  2 deep elf blademasters (Elf:3)
  2 deep elf master archers (Elf:3)
  A tentacled starspawn (Abyss:3)
  3 sphinxes
  12 acid blobs
  A thorn hunter (Swamp:2)
  Donald (Elf:2)
  Roxanne (Snake:4)
  A fenstrider witch (Swamp:4)
  Aizul (Snake:2)
  13 azure jellies
  2 frost giants (D:14)
  14 rockslimes
  12 nagarajas
  4 deep elf sorcerers
  3 deep elf elementalists (Elf:3)
  2 vault wardens (Vaults:1)
  An orc warlord (Vaults:1)
  12 ironbound preservers
  A very ugly thing (D:15)
  18 quicksilver oozes
  4 ironbound thunderhulks
  12 formless jellyfish
  6 deep elf demonologists
  6 deep elf annihilators
  A lorocyproca (Abyss:3)
  Nessos (Lair:5)
  Azrael (Orc:2)
  5 eleionomae
  3 bunyips
  4 dire elephants
  A minotaur (Gauntlet)
  Snorg (Orc:2)
  An ettin (Vaults:2)
  The ghost of Tinttamiau the Mimic, a journeyman DrSh of Qazlal (Lair:2)
  3 deep elf death magi
  11 yaktaur captains
  Josephine (Lair:3)
  11 great orbs of eyes
  2 salamander tyrants (Snake:4)
  4 deep elf high priests
  2 ice dragons (Swamp:4)
  Fannar (D:11)
  7 hydras
  Erolcha (D:11)
  4 ghost crabs
  A catoblepas (D:13)
  21 centaur warriors
  6 ironbound frosthearts
  5 alligators
  16 anacondas
  8 vault guards
  17 two-headed ogres
  4 death yaks (Lair:3)
  4 ogre magi (Orc:2)
  9 boulder beetles
  14 naga warriors
  A tengu warrior (Gauntlet)
  5 thrashing horrors (Abyss:3)
  33 dancing weapons
  5 large abominations (Abyss:3)
  An occultist (D:15)
  16 shock serpents
  An orc high priest (Orc:2)
  15 deep elf knights
  14 naga sharpshooters
  4 wretched stars (Abyss:3)
  A shadow wraith (Abyss:3)
  Amaemon (Lair:3)
  A skyshark (shapeshifter) (Elf:2)
  28 deep trolls
  A spectral death yak (Lair:2)
  5 goliath frogs
  2 spriggan druids (Swamp:4)
  5 salamander mystics (Snake:4)
  A death drake (shapeshifter) (Elf:1)
  12 swamp dragons
  6 naga ritualists
  4 sea snakes
  4 bog bodies
  A death drake (Gauntlet)
  4 arcanists
  13 lindwurms
  A swamp dragon (shapeshifter) (D:15)
  2 glowing orange brains
  15 ironbound convokers
  26 deep elf zephyrmancers
  Pikel (D:5)
  14 deep elf archers
  A phantasmal warrior (D:14)
  A spectral wolf spider (Gauntlet)
  2 orc knights
  13 mana vipers
  29 deep elf pyromancers
  4 harpies (Vaults:2)
  2 necromancers (Vaults:2)
  5 oklob plants
  14 ugly things
  23 salamanders
  6 cyclopes
  3 will-o-the-wisps
  A worldbinder (Abyss:3)
  6 manticores
  An orc sorcerer (Orc:2)
  7 shining eyes
  An iron dragon skeleton (Abyss:3)
  13 elephants
  A moth of wrath (Swamp:4)
  A centaur zombie (Gauntlet)
  A spectral centaur (Gauntlet)
  10 guardian serpents
  3 eyes of devastation
  2 gargoyles
  34 black mambas
  9 vault sentinels
  15 naga magi
  An orange demon (Lair:3)
  2 smoke demons (Abyss:3)
  19 cane toads
  3 torpor snails
  A hellion (Abyss:3)
  Maggie (D:7)
  Psyche (D:11)
  A spectral redback (Gauntlet)
  2 rime drakes
  A kobold demonologist (D:12)
  An unseen horror (D:13)
  5 freezing wraiths
  13 komodo dragons
  2 guardian mummies (D:12)
  2 tengu conjurers (Gauntlet)
  4 ancient zymes (Abyss:3)
  18 yaktaurs
  2 efreet (Abyss:3)
  2 meliai
  7 trolls
  A yaktaur skeleton (Vaults:2)
  18 hornets
  9 polar bears
  Grinder (D:3)
  7 raiju (Abyss:3)
  A deep troll zombie (Vaults:2)
  25 blink frogs
  2 glass eyes
  14 tyrant leeches
  4 dream sheep (Lair:5)
  111 slime creatures
  2 vampires (D:11)
  A shadow (D:10)
  5 small abominations (Abyss:3)
  22 spriggans
  Sigmund (D:6)
  An air elemental (Elf:2)
  5 wraiths
  64 yaks
  4 wyverns
  A ynoxinul (Abyss:3)
  8 golden eyes
  6 basilisks
  3 fire elementals
  4 water elementals
  A chaos spawn (Abyss:3)
  Grum (D:8)
  2 fire bats (D:5)
  A human simulacrum (Vaults:2)
  24 vampire mosquitoes
  A spectral komodo dragon (Lair:2)
  3 swamp worm simulacra (Swamp:4)
  5 steam dragons
  2 neqoxecs (Abyss:3)
  5 wargs
  20 swamp worms
  2 spectral cane toads (Lair:2)
  47 nagas
  2 acid dragons
  4 hell hounds (Orc:2)
  17 water moccasins
  14 hydra simulacra (Swamp:4)
  Duvessa (D:6)
  12 orc warriors
  3 sky beasts
  8 black bears
  3 ice beasts
  A black mamba simulacrum (Lair:2)
  A human skeleton (Vaults:2)
  7 boggarts
  9 centaurs
  25 ogres
  37 wolves
  2 phantoms
  3 kobold brigands
  15 bullfrogs
  3 earth elementals (Elf:2)
  6 gnoll sergeants
  A cane toad simulacrum (Lair:2)
  3 scorpions
  Dowan (D:6)
  10 wights
  15 killer bees
  An electric eel (Lair:1)
  2 howler monkeys
  14 orc priests
  A jelly (D:4)
  A fire crab simulacrum (Lair:2)
  19 hounds
  An iron imp (Abyss:3)
  2 sleepcaps
  8 starcursed masses (Abyss:3)
  2 iguanas
  19 orc wizards
  7 adders
  24 gnolls
  3 shadow imps
  8 white imps
  2 ufetubi (Abyss:3)
  5 swamp drake simulacra (Swamp:4)
  5 worms
  4 dart slugs
  57 orcs
  5 ball pythons
  8 endoplasms
  3 giant cockroaches
  7 goblins
  5 hobgoblins
  4 quokkas
  3 bats
  19 kobolds
  A rat (D:2)
  2 starspawn tentacles (Abyss:3)
1730 creatures vanquished.

Vanquished Creatures (others)
  A fire giant (D:14)
  An occultist (Gauntlet)
  A deep elf archer (Elf:3)
  4 deep elf zephyrmancers (Elf:1)
  A salamander (Snake:4)
  A black mamba (Snake:3)
  A guardian serpent (Snake:4)
  A naga mage (Snake:3)
  2 bloated husks
  An air elemental (Elf:3)
  2 nagas (Snake:3)
  A water moccasin (Lair:5)
  2 gnolls (D:9)
  15 foxfires
  2 starspawn tentacles (Abyss:3)
36 creatures vanquished.

Grand Total: 1766 creatures vanquished

Notes
Turn   | Place    | Note
-------+----------+-------------------------------------------
     0 | D:1      | BinkBink the Tengu Monk began the quest for the Orb.
     0 | D:1      | Reached XP level 1. HP: 14/14 MP: 2/2
   148 | D:1      | Found a faded altar of an unknown god.
   329 | D:1      | Reached XP level 2. HP: 19/19 MP: 3/3
   765 | D:2      | Reached XP level 3. HP: 21/23 MP: 4/4
   768 | D:2      | Identified the +3 leather armour of Vysadahe {rPois}
   989 | D:2      | Reached XP level 4. HP: 14/28 MP: 5/5
  1073 | D:2      | Reached skill level 1 in Armour
  1396 | D:2      | Found a sacrificial altar of Ru.
  1658 | D:3      | Noticed Grinder
  1659 | D:3      | Paralysed by Grinder for 4 turns
  1670 | D:3      | Killed Grinder
  1671 | D:3      | Reached XP level 5. HP: 11/34 MP: 6/6
  1671 | D:3      | Reached XP level 6. HP: 13/39 MP: 7/7
  2801 | D:4      | Reached skill level 5 in Long Blades
  2801 | D:4      | Reached skill level 5 in Dodging
  3011 | D:4      | Gained mutation: Your magical flight helps you evade
                  | attacks. (EV +4) [Tengu growth]
  3011 | D:4      | Reached XP level 7. HP: 36/44 MP: 8/8
  3585 | D:5      | Entered Level 5 of the Dungeon
  3585 | D:5      | Found a transporter.
  3590 | D:5      | Noticed a fire bat
  3590 | D:5      | Noticed a fire bat
  3627 | D:5      | Found a staircase to the Ecumenical Temple.
  3635 | D:5      | Noticed a hornet
  3648 | Temple   | Entered the Ecumenical Temple
  3755 | Temple   | Became a worshipper of Qazlal Stormbringer
  3755 | Temple   | Reached * piety under Qazlal
  3755 | Temple   | Reached ** piety under Qazlal
  3912 | D:5      | Killed a hornet
  3913 | D:5      | Reached skill level 5 in Fighting
  3993 | D:5      | Found a transporter.
  4056 | D:5      | Reached XP level 8. HP: 42/50 MP: 9/9
  4127 | D:5      | Noticed Pikel
  4139 | D:5      | Killed Pikel
  4140 | D:5      | Reached skill level 5 in Armour
  4334 | D:5      | Found an ancient bone altar of Kikubaaqudgha.
  4334 | D:5      | Found a white marble altar of Elyvilon.
  4334 | D:5      | Found a shimmering blue altar of Sif Muna.
  4334 | D:5      | Found a shadowy altar of Dithmenos.
  4342 | D:5      | Found a snail-covered altar of Cheibriados.
  4347 | D:5      | Found a hazy altar of Hepliaklqana.
  4636 | D:6      | Reached XP level 9. HP: 56/56 MP: 10/10
  4984 | D:6      | Noticed Duvessa
  4984 | D:6      | Noticed Dowan
  4988 | D:6      | Killed Duvessa
  4991 | D:6      | Killed Dowan
  5168 | D:6      | Found a broken altar of Ashenzari.
  5183 | D:6      | Noticed Sigmund
  5190 | D:6      | Killed Sigmund
  5791 | D:7      | Reached XP level 10. HP: 59/63 MP: 11/11
  5824 | D:7      | Noticed Maggie
  5846 | D:7      | Killed Maggie
  5950 | D:7      | Reached *** piety under Qazlal
  6742 | D:8      | Noticed Grum
  6755 | D:8      | Killed Grum
  7093 | D:8      | Reached XP level 11. HP: 69/69 MP: 12/12
  7350 | D:9      | Noticed a two-headed ogre
  7499 | D:9      | Reached skill level 1 in Shields
  7551 | D:9      | Reached **** piety under Qazlal
  7563 | D:9      | Reached skill level 10 in Long Blades
  7632 | D:9      | Reached skill level 10 in Dodging
  7958 | D:9      | Found a staircase to the Orcish Mines.
  8003 | D:9      | Found a staircase to the Lair.
  8167 | D:9      | Found a shimmering altar of Xom.
  8175 | D:9      | Found a glowing silver altar of Zin.
  8175 | D:9      | Noticed an angel
  8336 | D:10     | Entered Level 10 of the Dungeon
  8399 | D:10     | Noticed a cyclops
  8418 | D:10     | Killed a cyclops
  8457 | D:10     | Reached ***** piety under Qazlal
  8515 | D:10     | Found an opulent altar of Gozag.
  8619 | D:10     | Noticed a deep elf pyromancer
  8631 | D:10     | Killed a deep elf pyromancer
  8657 | D:10     | Noticed a cyclops
  8663 | D:10     | Killed a cyclops
  8668 | D:10     | Noticed an orc knight
  8826 | D:10     | Killed an orc knight
  8871 | D:10     | Identified the +2 robe "Buvy" {Contam rPois rCorr}
  9254 | D:11     | Noticed Fannar
  9261 | D:11     | Killed Fannar
  9262 | D:11     | Reached skill level 10 in Armour
  9262 | D:11     | Reached XP level 12. HP: 76/77 MP: 13/13
  9320 | D:11     | Noticed Erolcha
  9331 | D:11     | Killed Erolcha
  9332 | D:11     | Reached skill level 10 in Fighting
  9339 | D:11     | Noticed Psyche
  9346 | D:11     | Killed Psyche
  9380 | D:11     | Noticed a two-headed ogre
  9386 | D:11     | Killed a two-headed ogre
  9441 | D:11     | Noticed a two-headed ogre
  9446 | D:11     | Killed a two-headed ogre
  9592 | D:11     | Reached skill level 5 in Shields
 10467 | Lair:1   | Entered Level 1 of the Lair of Beasts
 10623 | Lair:1   | Identified the +4 lajatang of the Shore {flame, rPois rN+++
                  | MP-9 SInv}
 10923 | Lair:1   | Reached XP level 13. HP: 78/84 MP: 14/14
 11559 | Gauntlet | Identified the of Konwiynk
 11595 | Lair:2   | Found a transporter.
 11730 | Lair:2   | Found a gate leading to a gauntlet.
 11740 | Gauntlet | Entered a Gauntlet
 11740 | Gauntlet | Found a transporter.
 11747 | Gauntlet | Found a transporter.
 11751 | Gauntlet | Found a transporter.
 11762 | Gauntlet | Found a transporter.
 11763 | Gauntlet | Found a transporter.
 11775 | Gauntlet | Found a transporter.
 11776 | Gauntlet | Found a transporter.
 11783 | Gauntlet | Found a transporter.
 11787 | Gauntlet | Found a transporter.
 11795 | Gauntlet | Found a transporter.
 11826 | Gauntlet | Found a transporter.
 11838 | Gauntlet | Found a transporter.
 11850 | Gauntlet | Found a transporter.
 11854 | Gauntlet | Found a runed translucent door.
 11862 | Gauntlet | Found a transporter.
 12503 | Gauntlet | Noticed a minotaur
 12515 | Gauntlet | Killed a minotaur
 12823 | Lair:2   | Found a runed translucent gate.
 12837 | Lair:2   | Found a runed translucent gate.
 12838 | Lair:2   | Found a runed translucent gate.
 12843 | Lair:2   | Noticed Tinttamiau's ghost (journeyman DrSh)
 12908 | Lair:2   | Found a transporter.
 12913 | Lair:2   | Found a staircase to the Snake Pit.
 13710 | Lair:3   | Reached ****** piety under Qazlal
 13753 | Lair:3   | Identified the +6 spear of Contention {elec, rN+ rCorr
                  | Stlth+}
 13888 | Lair:3   | Found a staircase to the Swamp.
 13890 | Lair:3   | Reached XP level 14. HP: 91/91 MP: 15/15
 13903 | Lair:3   | Noticed Josephine
 13941 | Lair:3   | Killed Josephine
 14330 | Lair:3   | Noticed Amaemon
 14336 | Lair:3   | Killed Amaemon
 15667 | Lair:4   | Found a viscous altar of Jiyva.
 15960 | Lair:5   | Entered Level 5 of the Lair of Beasts
 16000 | Lair:5   | Noticed Nessos
 16040 | Lair:5   | Killed Nessos
 16425 | Lair:5   | Reached XP level 15. HP: 97/97 MP: 16/16
 16716 | Lair:5   | Identified the +4 ring mail "Iruopt" {rC+ Will++ Stlth-}
 17807 | Orc:1    | Entered Level 1 of the Orcish Mines
 17848 | Orc:1    | You are sucked into a shaft and drop 1 floor!
 17848 | Orc:2    | Entered Level 2 of the Orcish Mines
 18144 | Orc:1    | Found Umopn's Overcharged Wands.
 18364 | Orc:2    | Found a burning altar of Makhleb.
 18388 | Orc:2    | Found Moalosm's Armour Shop.
 18399 | Orc:2    | Noticed Snorg
 18419 | Orc:2    | Killed Snorg
 18429 | Orc:2    | Paralysed by an ogre mage for 5 turns
 18556 | Orc:2    | Reached skill level 10 in Shields
 18628 | Orc:2    | Found a staircase to the Elven Halls.
 18746 | Orc:2    | Found Ziownoco's Book Shop.
 18755 | Orc:2    | Found Hanail's Antique Armour Shop.
 18763 | Orc:2    | Bought an embroidered cloak for 300 gold pieces
 18852 | Orc:2    | Noticed Azrael
 18867 | Orc:2    | Killed Azrael
 18878 | Orc:2    | Found Zodgh's Magic Scroll Boutique.
 18878 | Orc:2    | Found Tuom's Weapon Emporium.
 18905 | Orc:2    | Found Nefe's Armour Shoppe.
 18905 | Orc:2    | Found Hoxokaej's General Store.
 18912 | Orc:2    | Bought a scroll of butterflies for 68 gold pieces
 18912 | Orc:2    | Bought a scroll of butterflies for 68 gold pieces
 18912 | Orc:2    | Bought a scroll of blinking for 127 gold pieces
 19518 | D:12     | Found a blossoming altar of Fedhas.
 19572 | D:12     | Found a portal to a secret trove of treasure.
 20105 | D:12     | Reached XP level 16. HP: 104/104 MP: 17/17
 20813 | D:13     | Reached skill level 15 in Long Blades
 20885 | D:13     | Reached skill level 15 in Dodging
 21855 | D:14     | Found a gate to the Vaults.
 22887 | D:15     | Entered Level 15 of the Dungeon
 22894 | D:15     | Reached skill level 15 in Armour
 22921 | Abyss:3  | Cast into level 3 of the Abyss (an occultist)
 22934 | Abyss:3  | Found a corrupted altar of Lugonu.
 22935 | Abyss:3  | Noticed an Executioner
 23004 | Abyss:3  | Paralysed by accursed screaming for 1 turns
 23030 | Abyss:3  | Noticed a lich
 23341 | D:15     | Escaped the Abyss
 23843 | D:15     | Found Ruyd's Book Shop.
 23923 | D:15     | Reached XP level 17. HP: 112/112 MP: 18/18
 23955 | D:15     | Found a staircase to the Depths.
 24345 | Orc:2    | Bought a faintly humming plate armour for 1120 gold pieces
 24345 | Orc:2    | Identified the +10 plate armour of the Last Stars {+Inv}
                  | (You bought it in a shop on level 2 of the Orcish Mines)
 24481 | Snake:1  | Entered Level 1 of the Snake Pit
 24918 | Swamp:1  | Entered Level 1 of the Swamp
 26143 | Swamp:2  | Identified the +0 ring mail of the Eagle {Str+3}
 26706 | Swamp:3  | Reached skill level 15 in Fighting
 27096 | Swamp:4  | Entered Level 4 of the Swamp
 27441 | Swamp:4  | Identified the +0 pearl dragon scales of the Vanishing
                  | Portals {rN+ Slay+3}
 27526 | Swamp:4  | Noticed Mara
 27557 | Swamp:4  | Noticed BinkBink's illusion
 27573 | Swamp:4  | Killed Mara
 27839 | Swamp:4  | Reached XP level 18. HP: 119/119 MP: 19/19
 28423 | Swamp:4  | Got a decaying rune of Zot
 28972 | Snake:1  | Noticed Mlioglotl
 28984 | Snake:1  | Killed Mlioglotl
 29519 | Snake:1  | Found Uqaniypp's General Store.
 29825 | Snake:1  | Found Modedo's Book Emporium.
 30332 | Snake:2  | Found Ryryk's Weapon Emporium.
 30334 | Snake:2  | Found Huogahia's Armour Emporium.
 30334 | Snake:2  | Found Alia's Distillery.
 30339 | Snake:2  | Found Jiskav's Armour Shoppe.
 30427 | Snake:2  | Found an iron altar of Okawaru.
 30979 | Snake:3  | Noticed Nikola
 30983 | Snake:3  | Identified the serpent talisman of Heblitom {rF+}
 30983 | Snake:3  | Noticed Aizul
 31312 | Snake:2  | Killed Aizul
 33799 | Snake:3  | Noticed Vashnia
 33822 | Snake:3  | Killed Vashnia
 34070 | Snake:3  | Killed Nikola
 34071 | Snake:3  | Reached XP level 19. HP: 38/125 MP: 8/20
 34661 | Lair:2   | Killed Tinttamiau's ghost
 34719 | Lair:4   | Found a staircase to the Slime Pits.
 34885 | Vaults:1 | Identified the "Idacat"
 34885 | Depths:4 | Identified the "Nuzos"
 34885 | Elf:1    | Entered Level 1 of the Elven Halls
 35385 | Elf:1    | Identified the +5 scimitar of Temperance {drain, *Rage
                  | rElec rF+ Str+7}
 35736 | Elf:1    | Noticed a Hell Sentinel
 36073 | Snake:2  | Bought the +5 Storm Queen's Shield {shock, Fly rElec} for
                  | 957 gold pieces
 36073 | Snake:2  | Found the +5 Storm Queen's Shield {shock, Fly rElec}
 37149 | Elf:2    | Found a runed translucent door.
 37175 | Elf:2    | Found a runed translucent door.
 37455 | Elf:2    | Found an ancient bone altar of Kikubaaqudgha.
 37849 | Elf:2    | Noticed Donald
 37869 | Elf:2    | Killed Donald
 39171 | Snake:4  | Entered Level 4 of the Snake Pit
 39275 | Snake:4  | Reached XP level 20. HP: 98/133 MP: 17/21
 39284 | Snake:4  | HP: 6/133 [poisoned by a nagaraja (bolt of poison)]
 40530 | Snake:4  | Got a serpentine rune of Zot
 40603 | Snake:4  | Noticed Roxanne
 40620 | Snake:4  | Killed Roxanne
 40621 | Snake:4  | Reached skill level 15 in Shields
 40634 | Snake:4  | Found Honinus's Tremendous Tomes.
 42030 | Elf:3    | Identified the "Ysapny"
 42030 | Elf:3    | Identified the "Sitasye"
 42030 | Elf:3    | Identified the "Tohiyzuu"
 42030 | Elf:3    | Identified the of Tumucs
 42030 | Elf:3    | Entered Level 3 of the Elven Halls
 42059 | Elf:3    | Found Weyka's General Store.
 42637 | Elf:3    | Identified the ring "Cibaushu" {+Blink Will+ Str+7 Int-2
                  | Slay+2}
 42647 | Elf:3    | Noticed a Tzitzimitl
 42658 | Elf:3    | Identified the +3 war axe of Tumult {heavy, rN++}
 43079 | Vaults:1 | Entered Level 1 of the Vaults
 43095 | Vaults:1 | Found a huge runed gate.
 43095 | Vaults:1 | Found a huge runed gate.
 43095 | Vaults:1 | Found a huge runed gate.
 43095 | Vaults:1 | Found a huge runed gate.
 43096 | Vaults:1 | Found a huge runed gate.
 43096 | Vaults:1 | Found a huge runed gate.
 43096 | Vaults:1 | Found a huge runed gate.
 43096 | Vaults:1 | Found a huge runed gate.
 43097 | Vaults:1 | Found a huge runed gate.
 43097 | Vaults:1 | Found a huge runed gate.
 43097 | Vaults:1 | Found a huge runed gate.
 43097 | Vaults:1 | Found a huge runed gate.
 43097 | Vaults:1 | Found a huge runed gate.
 43098 | Vaults:1 | Found a huge runed gate.
 43099 | Vaults:1 | Found a huge runed gate.
 43100 | Vaults:1 | Found a huge runed gate.
 43101 | Vaults:1 | Found a huge runed gate.
 43109 | Vaults:1 | Found a huge runed gate.
 43109 | Vaults:1 | Found a huge runed gate.
 43109 | Vaults:1 | Found a huge runed gate.
 43109 | Vaults:1 | Found a huge runed gate.
 43109 | Vaults:1 | Found a huge runed gate.
 43109 | Vaults:1 | Found a huge runed gate.
 43110 | Vaults:1 | Found a huge runed gate.
 43111 | Vaults:1 | Found a huge runed gate.
 43112 | Vaults:1 | Found a huge runed gate.
 43208 | Vaults:1 | Reached XP level 21. HP: 140/140 MP: 22/22
 43653 | Vaults:1 | Found a huge runed gate.
 43653 | Vaults:1 | Found a huge runed gate.
 43653 | Vaults:1 | Found a huge runed gate.
 43653 | Vaults:1 | Found a huge runed gate.
 43653 | Vaults:1 | Found a huge runed gate.
 43653 | Vaults:1 | Found a huge runed gate.
 43654 | Vaults:1 | Found a huge runed gate.
 43667 | Vaults:1 | Found Bielab's General Store.
 43679 | Vaults:1 | Found a huge runed gate.
 43680 | Vaults:1 | Found a huge runed gate.
 43685 | Vaults:1 | Found a huge runed gate.
 44890 | Elf:3    | Identified the +1 pair of boots of Ethics {rPois}
 44926 | Elf:3    | Identified the +4 kite shield of the Orb Guardian {rPois
                  | Will+}
 44931 | Elf:3    | Identified the staff of Faollopa {rElec rN+ Dex+2 Stlth+
                  | Necro}
 44987 | Elf:3    | Identified the ring "Yttuot" {Fly rElec rN+}
 45158 | Elf:3    | Found Vamielun's Jewellery Emporium.
 45683 | Vaults:1 | Paralysed by a sphinx for 3 turns
 46855 | Slime:1  | Entered Level 1 of the Pits of Slime
 46858 | Slime:1  | Gained mutation: You are dopey. (Int -2) [a shining eye]
 47061 | Slime:1  | Gained mutation: You have hidden genetic defects. [a
                  | shining eye]
 47109 | Slime:1  | Gained mutation: You occasionally lose the ability to drink
                  | potions when taking damage. [a shining eye]
 47116 | Slime:1  | Gained mutation: [You sometimes lose your temper in
                  | combat.] [a shining eye]
 48614 | Slime:1  | Paralysed by a formless jellyfish for 1 turns
 48780 | Slime:2  | Paralysed by a formless jellyfish for 1 turns
 48802 | Slime:2  | Gained mutation: You are weak. (Str -2) [hidden defects]
 49246 | Slime:2  | Gained mutation: You occasionally lose the ability to read
                  | scrolls when taking damage. [a shining eye]
 49258 | Slime:2  | Gained mutation: You are vulnerable to cold. (rC-) [a
                  | shining eye]
 49263 | Slime:1  | Lost mutation: You occasionally lose the ability to drink
                  | potions when taking damage. [a shining eye]
 49917 | Slime:2  | Reached XP level 22. HP: 148/148 MP: 23/23
 50782 | Slime:3  | Gained mutation: You are very vulnerable to cold. (rC--) [a
                  | shining eye]
 50783 | Slime:3  | Gained mutation: You are frail. (-10% HP) [a shining eye]
 50785 | Slime:3  | Gained mutation: You sometimes lose the ability to read
                  | scrolls when taking damage. [hidden defects]
 50785 | Slime:3  | Lost mutation: You have hidden genetic defects. [hidden
                  | defects expressed]
 50786 | Slime:3  | Gained mutation: [Your magical capacity is low. (-10% MP)]
                  | [a shining eye]
 50788 | Slime:3  | Gained mutation: You are very frail. (-20% HP) [a shining
                  | eye]
 51806 | Slime:2  | Paralysed by a formless jellyfish for 1 turns
 51809 | Slime:2  | Gained mutation: You are extremely frail. (-30% HP) [a
                  | shining eye]
 54058 | Slime:5  | Identified the "Geemuunu"
 54058 | Slime:5  | Entered Level 5 of the Pits of Slime
 54103 | Slime:5  | Paralysed by a formless jellyfish for 1 turns
 54658 | Slime:5  | Noticed the Royal Jelly
 55936 | Vaults:2 | Identified the +2 arbalest of Dissolution {elec, rC+ Will+
                  | Str+4}
 55947 | Vaults:2 | Found Kapnader's Distillery.
 56168 | Vaults:2 | Reached XP level 23. HP: 108/108 MP: 21/21
 56668 | Vaults:2 | Found a staircase to the Crypt.
 56668 | Vaults:2 | Found a basalt altar of Yredelemnul.
 56669 | Vaults:2 | Found an ancient bone altar of Kikubaaqudgha.
 57397 | Vaults:3 | Found a huge runed gate.
 57397 | Vaults:3 | Found a huge runed gate.
 57397 | Vaults:3 | Found a huge runed gate.
 57397 | Vaults:3 | Found a huge runed gate.
 57397 | Vaults:3 | Found a huge runed gate.
 57397 | Vaults:3 | Found a huge runed gate.
 57397 | Vaults:3 | Found a huge runed gate.
 57398 | Vaults:3 | Found a huge runed gate.
 57398 | Vaults:3 | Found a huge runed gate.
 57398 | Vaults:3 | Found a huge runed gate.
 57443 | Vaults:3 | Found a huge runed gate.
 57443 | Vaults:3 | Found a huge runed gate.
 57443 | Vaults:3 | Found a huge runed gate.
 57443 | Vaults:3 | Found a huge runed gate.
 57443 | Vaults:3 | Found a huge runed gate.
 57443 | Vaults:3 | Found a huge runed gate.
 57444 | Vaults:3 | Found a huge runed gate.
 57445 | Vaults:3 | Found a huge runed gate.
 57446 | Vaults:3 | Found a huge runed gate.
 57454 | Vaults:3 | Found a huge runed gate.
 57454 | Vaults:3 | Found a huge runed gate.
 57454 | Vaults:3 | Found a huge runed gate.
 57454 | Vaults:3 | Found a huge runed gate.
 57454 | Vaults:3 | Found a huge runed gate.
 57454 | Vaults:3 | Found a huge runed gate.
 57455 | Vaults:3 | Found a huge runed gate.
 57456 | Vaults:3 | Found a huge runed gate.
 57457 | Vaults:3 | Found a huge runed gate.
 57469 | Vaults:3 | Found a huge runed gate.
 57469 | Vaults:3 | Found a huge runed gate.
 57469 | Vaults:3 | Found a huge runed gate.
 57469 | Vaults:3 | Found a huge runed gate.
 57469 | Vaults:3 | Found a huge runed gate.
 57469 | Vaults:3 | Found a huge runed gate.
 57470 | Vaults:3 | Found a huge runed gate.
 57471 | Vaults:3 | Found a huge runed gate.
 57593 | Vaults:3 | Identified the +0 dagger of Ekko Rom {speed, rF+ Str+2}
 57680 | Vaults:3 | Noticed Zenata
 57695 | Abyss:3  | Cast into level 3 of the Abyss (+2 halberd of distortion)
 57968 | Vaults:3 | Escaped the Abyss
 57982 | Vaults:3 | Killed from afar by Zenata

Illustrated notes

Levels and vault maps discovered:
D:1:      roderic_octagonal_star, layout_loops_ring, basic_ecumenical_altar,
          lemuel_flame_loot_1
D:2:      layout_basic, basic_altar
D:3:      layout_basic, uniq_grinder
D:4:      layout_gridville, kennysheep_cross_bottleneck,
          serial_library_hellmonk_secret_room, minmay_misc_feat_secret_circle
D:5:      gammafunk_cloud_chamber, layout_rooms, minmay_overflow_temple_hex,
          minmay_temple_entry_gardened_gates, uniq_pikel
D:6:      layout_loops_ring, mainiacjoe_overflow_24_doors, uniq_sigmund,
          uniq_duvessa
D:7:      layout_basic, uniq_maggie
D:8:      layout_loops_ring, minmay_manual_moon, uniq_grum
D:9:      layout_big_octagon, grunt_temple_overflow_order_and_chaos_1,
          erik_lair_orcish_takeover, orc_0_dummy, serial_gnoll_camp,
          gnoll_camp_mini_sergeant, gnoll_camp_mini_basic,
          gnoll_camp_mini_basic, grums_kennel, gnoll_camp_mini_hut,
          gnoll_camp_mini_loothouse
D:10:     minmay_chambers_of_sixes, layout_irregular_city,
          nicolae_gozag_seed_capital
D:11:     layout_grid_maze, uniq_psyche, uniq_fannar, uniq_erolcha
D:12:     layout_cave_pods, nicolae_trove_entry_path_of_doom, fedhas_altar_3
D:13:     layout_loops_corners, grunt_ministairs_4
D:14:     layout_gridville, erik_vaults_2, serial_bayou_pond_b,
          portal_ice_cave_entry_pillars_1, eino_jars
D:15:     gammafunk_enter_depths_forms, layout_cave_pools, serial_shops,
          nicolae_shop_rolling_square
Temple:   nicolae_temple_ecumenical_triangle
Lair:1:   layout_long_grid, st_stairs_5, wad_woods_river_01
Lair:2:   gammafunk_worm_tunnel, layout_gridlike, dummy_snake_entry,
          gammafunk_ghost_necromancy, gauntlet_entry_generic,
          columned_hall_lemuel, kilobyte_rumbling_trees
Lair:3:   layout_concentric_octagons, skrybe_swamp_entry_bodies,
          beast_lair_carwin_7, uniq_josephine, uniq_amaemon
Lair:4:   layout_cave_pods, minmay_slime_entry_oklob_open, lemuel_fruit_tree,
          grunt_megastairs_5
Lair:5:   minmay_lair_end_enchanted_forest, layout_regular_city,
          minmay_lair_oklob_items, minivault_26, uniq_nessos
Swamp:1:  layout_basic_swamp, evilmike_swamp_ruin_house_4,
          nicolae_swamp_tree_isthmus
Swamp:2:  cheibrodos_swamp_tower_of_moss, layout_falls_marsh,
          evilmike_swamp_ruin_house_2, swamp_pool_3
Swamp:3:  layout_basic_swamp, evilmike_swamp_ruin_house_5, swamp_pool_3,
          st_swamp_ruins_3
Swamp:4:  swamp_icy, layout_basic_swamp, swamp_pool_1_2, worms_lemuel,
          infiniplex_staircase_pool, uniq_mara
Snake:1:  layout_misc_corridors, serial_shops, shop, shop, drop_trap,
          grunt_megastairs_2, uniq_mlioglotl
Snake:2:  layout_cave_town, basic_altar, minmay_shoptagon
Snake:3:  nicolae_snake_attic_fulla_snakes, layout_rooms, evilmike_ambush
          [evilmike_ambush_outer_pillars, evilmike_ambush_inner_basic],
          uniq_nikola, uniq_vashnia, uniq_aizul
Snake:4:  grunt_snake_rune_serpentine_throne, layout_misc_corridors,
          nicolae_shop_i_like_big_books, nicolae_snake_guarding_the_ruins,
          uniq_roxanne
Slime:1:  layout_caves, cheibrodos_slime_lost_civilization_6
Slime:2:  layout_caves, nicolae_slime_round_cave
Slime:3:  layout_caves, nicolae_slime_rock_hall_of_fame
Slime:4:  layout_caves, nicolae_slime_welcoming_committee
Slime:5:  slime_pit_nicolae_royal_road_to_ruin
Orc:1:    layout_caves, basic_altar, nicolae_shop_overcharged_wands
Orc:2:    st_orc_ogre_mass, layout_caves, basic_altar, serial_shops,
          nicolae_shop_waterfront, nicolae_shop_statue_plus,
          nicolae_shop_tiny_waterfront, uniq_snorg, uniq_azrael
Elf:1:    eino_elf_arrival_customs, layout_loops_cross,
          minmay_elf_crystal_heptagon, hex_large
Elf:2:    elven_hall_of_blades_hangedman_original
          [nicolae_blade_entry_splitting_headache], layout_geoelf_octagon,
          basic_altar, nicolae_elf_glassroom_feature, uniq_donald
Elf:3:    grunt_elf_hall_diamonds, layout_rooms, serial_shops, shop,
          nicolae_shop_trees
Vaults:1: nicolae_vaults_prndl, nicolae_vaults_six-pack,
          hangedman_vaults_slither, nicolae_vaults_doubleplus_tesselated,
          nicolae_vaults_oval_intersection, door_vault,
          nicolae_vaults_trapezoid_lopsided_3, nicolae_vaults_wrenched,
          vaults_standard_mumra_x, nicolae_vaults_tetromino_T_2, v_misc_10,
          nicolae_vaults_ring_of_whatevers, vaults_room_door_ring,
          nicolae_vaults_theta, layout_vaults_maze, serial_shops, shop
Vaults:2: ontoclasm_vaults_loading_screen, vaults_room_corners,
          vaults_room_corners, minmay_crypt_entry_necro_gods,
          vaults_dpeg_encased_lava, nicolae_vaults_heart-shaped_vault,
          layout_vaults_omnigrid, serial_shops, nicolae_square_shop
Vaults:3: vaults_dpeg_ring, nicolae_vaults_weapon_check, hangedman_vaults_snaps,
          grunt_vaults_trifunnel, nicolae_vaults_trapezoid_3,
          nicolae_vaults_house_2, nicolae_vaults_turnstiles,
          nicolae_vaults_network_barrier, door_vault,
          nicolae_vaults_trapezoid_1, nicolae_vaults_rhombus_6,
          nicolae_vaults_mini_display_case, nicolae_vaults_trapezoid_layered,
          ontoclasm_vaults_pinch, serial_library_hellmonk_semicircle,
          layout_vaults_omnicross, uniq_boris, uniq_zenata

Skill      XL: |  1  2  3  4  5  6  7  8  9 10 11 12 13 14 15 16 17 18 19 20 21 22 23 |
---------------+----------------------------------------------------------------------+-----
Long Blades    | 4 5 6 8 9 10 11 12 13 14 15 16 17 18 19 20 21 | 21.1
Dodging        | 4 5 6 8 9 10 11 12 13 14 15 16 17 18 19 20 21 | 21.0
Armour         | 2 3 4 5 7 8 10 11 12 13 14 15 16 17 18 19 20 | 20.7
Fighting       | 4 5 6 7 8 9 10 11 12 13 14 15 16 17 18 19 | 19.4
Shields        | 4 6 7 9 10 11 12 13 14 15 16 17 | 17.6

Action                     |  1- 3 |  4- 6 |  7- 9 | 10-12 | 13-15 | 16-18 | 19-21 | 22-24 || total
---------------------------+-------+-------+-------+-------+-------+-------+-------+-------++-------
  Melee: Falchion          |    40 |    91 |    11 |       |       |       |       |       ||   142
         Kick              |    10 |    31 |    69 |   182 |   420 |   543 |   541 |   319 ||  2115
         Peck              |     5 |    16 |    40 |   114 |   272 |   353 |   323 |   192 ||  1315
         Double sword      |       |       |   167 |   500 |  1052 |  1219 |  1131 |   581 ||  4650
         Unarmed           |       |       |       |       |       |       |     9 |       ||     9
  Throw: Throwing net      |       |       |       |       |     1 |       |       |     1 ||     2
    Use: Scroll            |       |       |    12 |    10 |     7 |    12 |     6 |     1 ||    48
         Potion            |       |       |     2 |       |     1 |     5 |     6 |     1 ||    15
   Stab: Distracted        |       |       |       |       |       |     1 |       |       ||     1
         Confused          |       |       |       |       |       |       |     3 |       ||     3
 Armour: Robe              |     7 |       |       |       |       |       |       |       ||     7
         Leather armour    |     4 |    43 |    58 |   116 |   191 |   167 |       |       ||   579
         Ring mail         |       |       |       |       |    15 |       |       |       ||    15
         Pearl dragon scal |       |       |       |       |       |   207 |   330 |   153 ||   690
         Plate armour      |       |       |       |       |       |     6 |       |       ||     6
         Skin              |       |       |       |       |       |       |     1 |       ||     1
  Dodge: Dodged            |    29 |    59 |   166 |   338 |   541 |   650 |   495 |   364 ||  2642
         Repelled          |       |       |       |     3 |    11 |    34 |    35 |     9 ||    92
  Block: Orb               |       |       |    12 |    17 |       |       |       |       ||    29
         Kite shield       |       |       |       |   346 |  1126 |   445 |  1213 |   733 ||  3863
         Tower shield      |       |       |       |       |       |  1143 |   101 |       ||  1244
         Other             |       |       |       |       |       |       |     1 |       ||     1

Table legend: (Time is in decaauts)
 A = Elapsed time spent in this place.
 B = Non-inter-level travel time spent in this place.
 C = Inter-level travel time spent in this place.
 D = Time resting spent in this place.
 E = Time spent auto-exploring this place.
 F = Levels seen in this place.
 G = Mean time per level.
                   A        B        C        D        E       F      G
               +--------+--------+--------+--------+--------+-----+--------+
         Total |  58092 |  53179 |   4913 |  15106 |  27716 |  45 | 1290.9 |
       Dungeon |  16769 |  14899 |   1870 |   1962 |  10272 |  15 | 1117.9 |
        Temple |    257 |    241 |     16 |    140 |     98 |   1 |  257.0 |
          Lair |   8229 |   7145 |   1084 |   1006 |   4631 |   5 | 1645.8 |
         Swamp |   3568 |   3417 |    151 |    228 |   2419 |   4 |  892.0 |
     Snake Pit |   8397 |   7584 |    813 |   2897 |   3417 |   4 | 2099.2 |
    Slime Pits |   7615 |   7462 |    153 |   4969 |   1296 |   5 | 1523.0 |
  Orcish Mines |   1708 |   1416 |    292 |    261 |    746 |   2 |  854.0 |
   Elven Halls |   6084 |   5597 |    487 |   2210 |   2346 |   3 | 2028.0 |
        Vaults |   3755 |   3712 |     43 |    761 |   2093 |   3 | 1251.7 |
         Abyss |    727 |    727 |      0 |    397 |      0 |   2 |  363.5 |
      Gauntlet |    979 |    979 |      0 |    273 |    397 |   1 |  979.0 |
               +--------+--------+--------+--------+--------+-----+--------+

Top non-repeatable levels by time:
 Snake:2: 3975 daAuts
   Elf:2: 2897 daAuts
 Slime:1: 2458 daAuts
    D:14: 2350 daAuts
 Snake:4: 1955 daAuts
  Lair:2: 1926 daAuts
 Slime:3: 1880 daAuts
 Slime:2: 1865 daAuts
Vaults:1: 1828 daAuts
  Lair:5: 1748 daAuts
   Elf:1: 1723 daAuts
  Lair:1: 1559 daAuts
    D:11: 1557 daAuts
  Lair:3: 1556 daAuts
 Snake:3: 1528 daAuts
